Map: Royal Blood LE

Players

Psyche - Winner!

  • Race: Zerg Zerg
  • League: Platinum
  • Spawn Location: 1:00

sosososo

  • Race: Protoss Protoss
  • League: Diamond
  • Spawn Location: 7:00

VOD

Have the link to the VOD?

Description

Time

  • Played on: March 4, 2023, 5:38 a.m.
  • Length: 3:57
Show
View Real Time Build Order
Export as new Build Order

Psyche Zerg - Winner!

Build Orders: Pool First 

Get SALT Encoding   

  12  0:01  Drone  
  13  0:14  Drone  
  14  0:29  Spawning Pool  
  13  0:37  Drone  
  14  0:54  Overlord  
  14  1:09  Hatchery  
  13  1:16  Zergling x2  
  13  1:17  Zergling x4  
  16  1:29  Queen  
  18  1:33  Zergling x2  
  19  1:43  Extractor  
  19  1:45  Drone  
  19  2:01  Zergling x4  
  21  2:21  Zergling x2  
  21  2:22  Zergling x2  
  23  2:23  Zergling x2  
  23  2:24  Queen  
  25  2:44  Zergling x6  
  27  3:00  Zergling x2  
  28  3:07  Overlord x2  
  28  3:14  Overlord  
  30  3:29  Zergling x6  
  30  3:30  Zergling x2  
Show
View Real Time Build Order
Export as new Build Order

sosososo Protoss 

Build Orders:  

Get SALT Encoding   

  12  0:00  Probe  
  13  0:13  Probe  
  14  0:24  Pylon  
  14  0:28  Probe  
  15  0:42  Probe (Chrono Boost)  
  16  0:47  Gateway  
  16  0:51  Probe (Chrono Boost)  
  16  0:56  Probe (Chrono Boost)  
  18  1:05  Assimilator  
  18  1:08  Probe  
  19  1:11  Gateway  
  19  1:18  Pylon  
  19  1:20  Probe  
  20  1:32  Probe  
  20  1:34  Zealot (Chrono Boost)  
  20  1:39  Pylon  
  23  1:45  Probe, Pylon  
  24  1:55  Cybernetics Core  
  24  2:02  Zealot  
  26  2:10  Assimilator  
  26  2:11  Probe  
  27  2:21  Gateway  
  27  2:25  Probe  
  29  2:50  Shield Battery  
  24  2:53  Shield Battery  
  24  3:05  Gateway  
  24  3:09  Gateway  
  24  3:12  Gateway  
  24  3:17  Pylon  
  22  3:20  Pylon  
  22  3:36  Gateway  
  22  3:52  Pylon  
Tags
 
Add a new tag
Caveats
  • Supply blocks, unpowered buildings, or Contaminate may cause inaccurate times.
  • Supply counts are checked every 10 seconds.